cohdb
Replays
Latest Replays
All Replays
Popular Replays
Top Player Replays
Match Explorer
How It Works
Community
CoH3 Stats
Reddit
Sign in to upload your games and track your stats! →
Sign in with Steam
Match 43032703
Unlisted
Match 43032703
Overview
Messages
Build Orders
End
Panzergrenadier Squad
Panzergrenadier Squad
Selects Panzerjäger Kommand Battlegroup
Selects Mine Fields
Panzergrenadier Squad
Construct Light Support Kompanie
Fire Support Elements
le.IG 18 Support Gun Team
2.5-tonne Medical Truck
Flakvierling Half-track
Construct Panzerarmee Kommand
Assault Mechanized Group
Panzerpioneer Squad
Panzer III L Medium Tank
Panzergrenadier Squad
Panzer III L Medium Tank
Panzer III L Medium Tank
Selects Tank Busters
Selects Crew Shock Tactics
Selects Anti-tank Overwatch
Anti-tank Overwatch
Panzer III L Medium Tank
Panzer III L Medium Tank
Emergency Repair Kits
Panzer III L Medium Tank
Anti-tank Overwatch
Panzer III L Medium Tank
Ranger1408
sergio
ManFrau
Lemme smash
DugIronbeard
Haja
DutchCourage
/\/\au5er
0
0
Comments
sign in to comment!
No comments posted yet!